 Dungeon Crawl Stone Soup version 0.28-a0-1038-g9c4cb8273d (webtiles) character file.

Game seed: 4927304802829776429

12 bearlyready the Poker (level 2, 0/23 HPs)
             Began as a Merfolk Gladiator on Dec 8, 2021.
             Succumbed to a kobold's poison
             ... on level 1 of the Dungeon.
             The game lasted 00:00:30 (296 turns).

bearlyready the Poker (Merfolk Gladiator)            Turns: 296, Time: 00:00:31

Health: 0/23       AC:  7    Str: 14    XL:     2   Next: 33%
Magic:  2/2        EV: 12    Int:  7    God:
Gold:   15         SH:  0    Dex: 15    Spells: 1/1 levels left

rFire   + . .      SeeInvis .   a - +0 trident
rCold   + . .      Faith    .   (no shield)
rNeg    . . .      Spirit   .   j - +0 ring mail
rPois   +          Reflect  .   c - +0 helmet
rElec   +          Harm     .   (no cloak)
rCorr   +          Rampage  .   g - +0 pair of gloves
Will    .....                   (no boots)
Stlth   +.........              (no amulet)
HPRegen 0.07/turn               (no ring)
MPRegen 0.08/turn               (no ring)

@: lethally poisoned (0 -> -5), resistant
A: (nimble swimmer 2), mertail
a: no special abilities


You were on level 1 of the Dungeon.
You visited 1 branch of the dungeon, and saw 1 of its levels.

You collected 15 gold pieces.

Inventory:

Hand Weapons
 a - a +0 trident (weapon)
 f - a +0 hunting sling
Missiles
 e - 21 stones (quivered)
Armour
 b - a +0 leather armour
 c - a +0 helmet (worn)
 g - a +0 pair of gloves (worn)
 j - a +0 ring mail (worn)
Scrolls
 h - a scroll of amnesia {unknown}


   Skills:
 + Level 2.4 Fighting
 + Level 4.7 Polearms
 + Level 2.2 Throwing
 + Level 4.2 Dodging


You had one spell level left.
You didn't know any spells.
Your spell library was empty.

Dungeon Overview and Level Annotations

Branches:
Dungeon (1/15)

Altars:


Innate Abilities, Weirdness & Mutations

((You are quick and stealthy near water. (Stealth+, EV+, Speed+++)))
Your lower body shifts to a powerful aquatic tail in water.


Message History

Press: ? - help, Q - select action, (/) - cycle Shift-Dir - straight line, f/p - kobold
Aim: a kobold, wielding a +2 whip of venom and quivering stones (moderately wounded, 53% to hit)
You throw a throwing net.
The throwing net closely misses the kobold.
* * * LOW HITPOINT WARNING * * *
You feel sick. The bat hits you but does no damage. The bat barely misses you.
The kobold hits you with a +2 whip of venom.
* * * LOW HITPOINT WARNING * * *
Throw: 2 throwing nets
Press: ? - help, Q - select action, (/) - cycle Shift-Dir - straight line, f/p - kobold
Aim: a kobold, wielding a +2 whip of venom and quivering stones (moderately wounded, 53% to hit)
You throw a throwing net. The throwing net hits the kobold.
The kobold is caught in the net!
The kobold is moderately wounded.
* * * LOW HITPOINT WARNING * * *
You feel sick.
The kobold struggles against the net.
The bat hits you but does no damage.
Throw: throwing net
Press: ? - help, Q - select action, (/) - cycle Shift-Dir - straight line, f/p - kobold
Aim: a kobold, wielding a +2 whip of venom and quivering stones (moderately wounded, entangled in a net, 86% to hit)
You throw a throwing net. The throwing net hits the kobold.
The kobold is moderately wounded.
* * * LOW HITPOINT WARNING * * *
You feel sick. The bat hits you but does no damage. The bat barely misses you.
The hobgoblin barely misses you.
A hobgoblin comes into view.
The kobold struggles against the net.
You catch the helpless kobold completely off-guard!
You puncture the kobold!
You kill the kobold!
* * * LOW HITPOINT WARNING * * *
You feel sick.
The hobgoblin shouts!
The bat hits you but does no damage.
The hobgoblin hits you but does no damage.
Throw: 22 stones
Press: ? - help, Q - select action Shift-Dir - straight line You throw a stone.
The stone hits the hobgoblin.
The hobgoblin is moderately wounded.
You die...

#..............# #..
#..............######..
#......................
######..............######..
....................# ##.#
##........########## ##.†.
#......##.# ###########..≈.
#........†##............≈≈≈
#....#....@).....(....#..≈.
......#....bg..........##...
.###.##..........g.... ##.#
.. #.............. #.# ...
#......###...# ... ...
#......# ..# .... ........#
.# ..... .###)..... . .....#
......# ....###


You could see 2 hobgoblins and a bat.

Vanquished Creatures
  2 ball pythons (D:1)
  An endoplasm (D:1)
  A giant cockroach (D:1)
  3 hobgoblins (D:1)
  3 kobolds (D:1)
  A rat (D:1)
11 creatures vanquished.

Notes
Turn   | Place    | Note
-------+----------+-------------------------------------------
     0 | D:1      | bearlyready the Merfolk Gladiator began the quest for the
                  | Orb.
     0 | D:1      | Reached XP level 1. HP: 16/16 MP: 1/1
   103 | D:1      | Reached XP level 2. HP: 20/23 MP: 2/2
   294 | D:1      | HP: 1/23 [poisoned by a kobold]
   296 | D:1      | Succumbed to a kobold's poison

Illustrated notes

Levels and vault maps discovered:
D:1:      dpeg_arrival_rooms_b, layout_basic, amcnicky_mini_pool_small

Action                   || total
-------------------------++-------
Melee: Trident           ||    44
Throw: Throwing net      ||     3
       Stone             ||     1
  Use: Potion            ||     1
 Stab: Held in net/web   ||     1
Armor: Leather armour    ||     2
       Ring mail         ||    17
Dodge: Dodged            ||    29

Table legend: (Time is in decaauts)
 A = Elapsed time spent in this place.
 B = Non-inter-level travel time spent in this place.
 C = Inter-level travel time spent in this place.
 D = Time resting spent in this place.
 E = Time spent auto-exploring this place.
 F = Levels seen in this place.
 G = Mean time per level.
                   A        B        C        D        E       F      G
               +--------+--------+--------+--------+--------+-----+--------+
         Total |    298 |    298 |      0 |      0 |    188 |   1 |  298.0 |
       Dungeon |    298 |    298 |      0 |      0 |    188 |   1 |  298.0 |
               +--------+--------+--------+--------+--------+-----+--------+

Top non-repeatable levels by time:
     D:1: 298 daAuts
